 Dungeon Crawl Stone Soup version 0.31.0-12-g77e489cdc1 (webtiles) character file.

Game seed: 14976147068669294656

21422 Ruich the Grappler (level 12, 0/122 HPs)
             Began as a Troll Fighter on Mar 1, 2024.
             Was an Elder of Wu Jian.
             Slain by a 13-headed hydra (7 damage)
             ... on level 2 of the Lair of Beasts.
             The game lasted 00:25:24 (10680 turns).

Ruich the Grappler (Troll Fighter)                 Turns: 10680, Time: 00:25:25

Health: 0/122      AC: 11    Str: 29    XL:     12   Next: 54%
Magic:  11/11      EV: 11    Int:  6    God:    Wu Jian [****..]
Gold:   956        SH: 10    Dex:  9    Spells: 11/11 levels left

rFire   . .          .
                       - Unarmed
rCold   . . .        b - +0 kite shield
rNeg    . . .        H - +0 troll leather armour
rPois   .            s - +1 hat of Haixkef {Slay+2}
rElec   .            g - +0 cloak
rCorr   .            (gloves unavailable)
SInv    .            (boots unavailable)
Will    .....        h - amulet of regeneration
Stlth   +            m - +4 ring of protection
HPRegen 2.80/turn    y - ring of flight
MPRegen 0.12/turn

%: no passive effects
@: flying, serpent's lash
A: large, unfitting armour, claws 3, regeneration 1, shaggy fur 1, tough skin 1
a: Renounce Religion, Wall Jump, Serpent's Lash


You were on level 2 of the Lair of Beasts.
You worshipped Wu Jian.
Wu Jian was greatly pleased with you.
You visited 3 branches of the dungeon, and saw 14 of its levels.
You also visited: Sewer.

You collected 956 gold pieces.


Innate Abilities, Weirdness & Mutations

You are too large for most types of armour.
You have claws for hands.
Your natural rate of healing is unusually fast.
You are covered in fur. (AC +1)
You have tough skin. (AC +1)


   Skills:
 + Level 8.4 Fighting
 + Level 8.4 Dodging
 + Level 9.2 Shields
 * Level 13.5 Unarmed Combat


You had 11 spell levels left.
You didn't know any spells.
Your spell library contained the following spells:

 Spells                   Type           Power      Damage    Failure   Level
 Apportation              Tloc           0%         N/A       67%         1
 Slow                     Hex            0%         N/A       67%         1
 Summon Small Mammal      Summ           0%         N/A       67%         1
 Jinxbite                 Hex            0%         N/A       80%         2
 Call Canine Familiar     Summ           0%         N/A       95%         3
 Confusing Touch          Hex            0%         N/A       95%         3
 Hailstorm                Conj/Ice       0%         3d5       95%         3
 Sigil of Binding         Hex            0%         N/A       95%         3
 Summon Ice Beast         Ice/Summ       0%         N/A       95%         3
 Tukima's Dance           Hex            0%         N/A       95%         3
 Vampiric Draining        Necr           0%         2d6       95%         3
 Volatile Blastmotes      Fire/Tloc      0%         2d10      95%         3
 Animate Dead             Necr           0%         N/A       100%        4
 Fulminant Prism          Conj/Alch      0%         3d5       100%        4
 Iskenderun's Mystic Bla  Conj/Tloc      0%         2d3       100%        4
 Passage of Golubria      Tloc           0%         N/A       100%        4
 Summon Blazeheart Golem  Fire/Summ      0%         N/A       100%        4
 Alistair's Intoxication  Alch           0%         N/A       100%        5
 Borgnjor's Vile Clutch   Necr/Erth      0%         N/A       100%        5
 Silence                  Hex/Air        0%         N/A       100%        5
 Yara's Violent Unravell  Hex/Alch       0%         3d3       100%        5
 Death Channel            Necr           0%         N/A       100%        6
 Sculpt Simulacrum        Ice/Alch       0%         N/A       100%        6
 Lehudib's Crystal Spear  Conj/Erth      0%         10d2      100%        8

Inventory:

Missiles
 q - 3 javelins (quivered)
Armour
 b - a +0 kite shield (worn)
 g - a +0 cloak (worn)
 s - the +1 hat of Haixkef (worn) {Slay+2}
   (You found it on level 4 of the Dungeon)

   Slay+2:    It affects your accuracy & damage with ranged weapons and melee
   (+2).
 H - a +0 troll leather armour (worn)
Jewellery
 h - an amulet of regeneration (around neck)
 m - a +4 ring of protection (left claw)
 o - a ring of magical power
 y - a ring of flight (right claw)
 K - the ring "Kifruyto" {Will- MP+9 Int+6}
   (You found it on level 11 of the Dungeon)

   [ring of magical power]

   Int+6:     It affects your intelligence (+6).
   Will-:     It decreases your willpower.
   MP+9:      It affects your magic capacity (+9).
Talismans
 F - a serpent talisman
Wands
 l - a wand of flame (7)
 t - a wand of quicksilver (8)
 x - a wand of polymorph (22)
 z - a wand of charming (8)
 D - a wand of iceblast (10)
Scrolls
 a - a scroll of enchant weapon {unknown}
 f - 2 scrolls of vulnerability
 i - 10 scrolls of teleportation {@r2}
 j - 2 scrolls of poison
 B - 4 scrolls of fear
 G - 3 scrolls of fog
Potions
 c - 2 potions of might
 d - 2 potions of mutation
 e - 2 potions of degeneration {unknown}
 k - 5 potions of magic
 n - a potion of resistance
 p - a potion of berserk rage {unknown}
 r - 2 potions of haste {@q3}
 u - 2 potions of brilliance {unknown}
 v - 2 potions of curing {@q1}
 w - a potion of cancellation {unknown}
 A - 3 potions of ambrosia
 C - a potion of attraction {unknown}
 E - 2 potions of enlightenment
 J - 3 potions of invisibility

Dungeon Overview and Level Annotations

Branches:
Dungeon (11/15)            Temple (1/1) D:4            Lair (2/5) D:11
  Sewer (visited)
  Swamp: Lair:2-3    Shoals: Lair:2-3     Snake: Lair:2-3    Spider: Lair:2-3
    Orc: D:9-12

Altars:
Ashenzari
Cheibriados
Dithmenos
Elyvilon
Fedhas
Gozag
Hepliaklqana
Kikubaaqudgha
Makhleb
Nemelex Xobeh
Okawaru
Qazlal
Ru
Sif Muna
Trog
Uskayaw
Vehumet
Wu Jian
Xom
Yredelemnul
Zin
The Shining One

Shops:
D:4 [   D:7 [ D:11

( .......
.......#### ..
........#.## ...
..........P### ....
......†.^...P##....
........†....#...F.
..........<........
..##...............
.#..##....F@D......
..................
.......§#.P........
........##....P....
...... #....P....
.... ..........
..........
...........


You could see a 13-headed hydra, a cane toad and a blink frog.


Message History

* * * LOW HITPOINT WARNING * * *
The 11-headed hydra closely misses you. You block the 11-headed hydra's attack.
The 11-headed hydra bites you but does no damage.
The 11-headed hydra barely misses you. x2
You block the 11-headed hydra's attack.
The 11-headed hydra bites you but does no damage.
The 11-headed hydra barely misses you. The 11-headed hydra bites you!
* * * LOW HITPOINT WARNING * * *
The cane toad croaks.
You claw one of the 11-headed hydra's heads off!
The ten-headed hydra grows two more!
You mangle the 12-headed hydra!!
The 12-headed hydra is almost dead.
Unknown command.
You claw one of the 12-headed hydra's heads off!
The 11-headed hydra grows two more!
You scratch the 13-headed hydra.
The 13-headed hydra is almost dead.
The blink frog blinks!
The 13-headed hydra bites you.
* * * LOW HITPOINT WARNING * * *
The 13-headed hydra bites you.
* * * LOW HITPOINT WARNING * * *
You block the 13-headed hydra's attack. The 13-headed hydra bites you!
* * * LOW HITPOINT WARNING * * *
The 13-headed hydra bites you!
* * * LOW HITPOINT WARNING * * *
You block the 13-headed hydra's attack. The 13-headed hydra misses you.
The 13-headed hydra bites you!
* * * LOW HITPOINT WARNING * * *
The 13-headed hydra bites you but does no damage.
You block the 13-headed hydra's attack. The 13-headed hydra bites you!
You die...

Skill      XL: |  1  2  3  4  5  6  7  8  9 10 11 12 |
---------------+-------------------------------------+-----
Shields        | 3 4 5 6 7 8 9 |  9.2
Fighting       | 3 4 5 6 7 8 |  8.4
Dodging        | 3 4 5 6 7 8 |  8.4
Unarmed Combat | 3 4 5 6 7 9 11 12 13 | 13.5

Action                     |  1- 3 |  4- 6 |  7- 9 | 10-12 || total
---------------------------+-------+-------+-------+-------++-------
  Melee: Unarmed           |    85 |   182 |   286 |   519 ||  1072
 Invoke: Serpent's Lash    |       |       |       |     2 ||     2
Ability: Lunge             |       |       |    32 |    31 ||    63
         Whirlwind         |       |       |     9 |   160 ||   169
  Evoke: Wand              |       |       |     5 |       ||     5
    Use: Scroll            |       |     5 |     5 |     5 ||    15
         Potion            |       |       |       |     4 ||     4
   Stab: Sleeping          |       |     1 |       |       ||     1
 Armour: Robe              |    37 |   104 |   141 |   108 ||   390
         Troll leather arm |       |       |       |   229 ||   229
  Dodge: Dodged            |    25 |    58 |    75 |   156 ||   314
  Block: Kite shield       |    31 |    71 |   102 |   234 ||   438

Levels and vault maps discovered:
D:1:      matt_arrival_los_fun, layout_basic, serial_curves, eino_curves_04,
          eino_curves_04, dreamdust_ecumenical_altar_sealed_demon,
          feat_on_display
D:2:      layout_basic, minmay_pentomino_q2, uniq_sigmund
D:3:      layout_rooms, chequers_temple_overflow_minitemple, tso_altar,
          mainiacjoe_overflow_boulevard, uniq_robin, uniq_crazy_yiuf_cottage
D:4:      layout_basic, lemuel_doored_altar, minmay_temple_entry_fiery,
          serial_shops, nicolae_shop_waterfront, ebering_ghost_reflecting_pool,
          st_stairs_1
D:5:      layout_rooms, mainiacjoe_overflow_brackets,
          cheibrodos_sewer_entry_sluice, minmay_misc_feat_roman,
          grunt_ministairs_9
D:6:      layout_loops_ring, chequers_decorated_corner, uniq_jeremiah
D:7:      layout_basic, amcnicky_altar_gilded, serial_shops,
          nicolae_shop_overgrown_old_shop, uniq_joseph
D:8:      cheibrodos_barr_body, layout_basic
D:9:      layout_grid_maze, kennysheep_little_box, minmay_increasing_density,
          uniq_maggie
D:10:     layout_loops_ring, lemuel_crystal_altar, kennysheep_decorative_pillar,
          hangedman_stone_soup, uniq_grum, uniq_gastronok
D:11:     layout_roguey, david_lair_generic, serial_shops,
          nicolae_shop_window_shopping, nicolae_elevator_lobby_plus,
          uniq_maurice
Temple:   grunt_temple_mini_profane
Lair:1:   dragon1_lemuel, layout_regular_city, uniq_nergalle
Lair:2:   layout_hall_layers, mainiacjoe_swamp_entry_angry_trees,
          spider_nest_entry_rubble, chequers_serial_rivers_micro_e,
          wad_woods_road_01, lemuel_fruit_fields

Notes
Turn   | Place    | Note
-------+----------+-------------------------------------------
     0 | D:1      | Ruich the Troll Fighter began the quest for the Orb.
     0 | D:1      | Reached XP level 1. HP: 22/22 MP: 0/0
   123 | D:1      | Reached XP level 2. HP: 29/29 MP: 1/1
   216 | D:1      | Found a faded altar of an unknown god.
   401 | D:1      | Reached XP level 3. HP: 36/36 MP: 2/2
   819 | D:2      | Reached skill level 3 in Shields
   855 | D:2      | Noticed Sigmund
   864 | D:2      | Killed Sigmund
   865 | D:2      | Reached skill level 3 in Fighting
   865 | D:2      | Reached skill level 3 in Dodging
   865 | D:2      | Reached skill level 3 in Unarmed Combat
   865 | D:2      | Reached XP level 4. HP: 45/45 MP: 3/3
   865 | D:2      | Reached XP level 5. HP: 53/53 MP: 4/4
  1169 | D:3      | Reached skill level 4 in Unarmed Combat
  1206 | D:3      | Found an opulent altar of Gozag.
  1326 | D:3      | Reached XP level 6. HP: 61/61 MP: 5/5
  1369 | D:3      | Noticed Robin
  1609 | D:3      | Found a runed translucent door.
  1610 | D:3      | Noticed Crazy Yiuf
  1643 | D:3      | Killed Robin
  1681 | D:3      | Found a faded altar of an unknown god.
  1681 | D:3      | Found a sparkling altar of Nemelex Xobeh.
  1689 | D:3      | Found a white marble altar of Elyvilon.
  1691 | D:3      | Found a blossoming altar of Fedhas.
  1693 | D:3      | Found an iron altar of Okawaru.
  1816 | D:3      | Found a glowing golden altar of the Shining One.
  1893 | D:3      | Killed Crazy Yiuf
  1945 | D:4      | Identified a potion of resistance
  2170 | D:4      | Found a runed translucent door.
  2177 | D:4      | Noticed jimmypageman's ghost (amateur MiFi)
  2195 | D:4      | Killed jimmypageman's ghost
  2196 | D:4      | Reached skill level 4 in Shields
  2196 | D:4      | Reached skill level 5 in Unarmed Combat
  2196 | D:4      | Reached XP level 7. HP: 45/68 MP: 6/6
  2214 | D:4      | Identified the +1 hat of Haixkef {Slay+2}
  2267 | D:4      | Found a basalt altar of Yredelemnul.
  2283 | D:4      | Found Gilont's Antique Armour Shop.
  2436 | D:4      | Found a staircase to the Ecumenical Temple.
  2480 | Temple   | Entered the Ecumenical Temple
  2537 | Temple   | Became a worshipper of the Wu Jian Council
  2645 | D:4      | Reached skill level 4 in Fighting
  2674 | D:4      | Reached skill level 4 in Dodging
  2808 | D:5      | Entered Level 5 of the Dungeon
  2887 | D:5      | Reached skill level 6 in Unarmed Combat
  2897 | D:5      | Found a burning altar of Makhleb.
  2918 | D:5      | Reached XP level 8. HP: 78/78 MP: 7/7
  3066 | D:5      | Found a glowing drain.
  3305 | D:5      | Reached skill level 5 in Shields
  3323 | D:5      | Reached * piety under Wu Jian
  3339 | D:6      | Reached skill level 7 in Unarmed Combat
  3417 | Sewer    | Entered a sewer
  3519 | Sewer    | Found a viscous altar of Jiyva.
  3990 | D:6      | Reached skill level 5 in Fighting
  3993 | D:6      | Reached XP level 9. HP: 88/88 MP: 8/8
  3995 | D:6      | Reached ** piety under Wu Jian
  3996 | D:6      | Reached skill level 5 in Dodging
  3997 | D:6      | Noticed Jeremiah
  4239 | D:6      | Killed Jeremiah
  4240 | D:6      | Reached skill level 8 in Unarmed Combat
  4845 | D:7      | Found Yruets's Antique Armour Shoppe.
  4852 | D:7      | Noticed Joseph
  4870 | D:7      | Killed Joseph
  4871 | D:7      | Reached skill level 6 in Shields
  4904 | D:7      | Found a shimmering altar of Xom.
  5124 | D:7      | Reached skill level 9 in Unarmed Combat
  5763 | D:8      | Reached XP level 10. HP: 89/98 MP: 9/9
  5772 | D:8      | Reached skill level 6 in Fighting
  5828 | D:8      | Reached skill level 6 in Dodging
  6046 | D:8      | Reached *** piety under Wu Jian
  6058 | D:8      | Noticed a cyclops
  6072 | D:8      | Killed a cyclops
  6073 | D:8      | Reached skill level 10 in Unarmed Combat
  6127 | D:8      | Reached skill level 7 in Shields
  6524 | D:9      | Noticed Maggie
  6534 | D:9      | Killed Maggie
  6643 | D:9      | Found an ancient bone altar of Kikubaaqudgha.
  6784 | D:9      | Identified the +1 hand axe of Defiance {freeze, *Noise rF++
                  | Stlth+}
  6876 | D:9      | Reached **** piety under Wu Jian
  6910 | D:9      | Reached skill level 11 in Unarmed Combat
  6997 | D:9      | Noticed a two-headed ogre
  7003 | D:9      | Killed a two-headed ogre
  7004 | D:9      | Reached XP level 11. HP: 107/107 MP: 10/10
  7194 | D:10     | Entered Level 10 of the Dungeon
  7227 | D:9      | Reached skill level 7 in Fighting
  7353 | D:9      | Reached skill level 7 in Dodging
  7390 | D:10     | Noticed Grum
  7398 | D:10     | Killed Grum
  7409 | D:10     | Noticed a deep elf zephyrmancer
  7415 | D:10     | Noticed Gastronok
  7691 | D:10     | Killed a deep elf zephyrmancer
  7701 | D:10     | Killed Gastronok
  7702 | D:10     | Reached skill level 8 in Shields
  7866 | D:10     | Found a snail-covered altar of Cheibriados.
  8373 | D:11     | Noticed a two-headed ogre
  8377 | D:11     | Killed a two-headed ogre
  8378 | D:11     | Reached skill level 12 in Unarmed Combat
  8422 | D:11     | Noticed a boulder beetle
  8430 | D:11     | Killed a boulder beetle
  8435 | D:11     | Found a staircase to the Lair.
  8572 | D:11     | Noticed Maurice
  8612 | Lair:1   | Entered Level 1 of the Lair of Beasts
  8640 | D:11     | Maurice stole a serpent talisman
  8643 | D:11     | Killed Maurice
  8875 | D:11     | Identified the ring "Kifruyto" {Will- MP+9 Int+6}
  8937 | D:11     | Found Malyrujo's Weapon Shoppe.
  8986 | D:11     | Reached XP level 12. HP: 118/119 MP: 11/11
  9118 | Lair:1   | Reached skill level 8 in Fighting
  9122 | Lair:1   | Reached skill level 8 in Dodging
  9426 | Lair:1   | Reached skill level 13 in Unarmed Combat
  9613 | Lair:1   | Reached skill level 9 in Shields
  9714 | Lair:1   | Noticed Nergalle
  9730 | Lair:1   | Killed Nergalle
  9890 | Lair:1   | Noticed a fire dragon
  9924 | Lair:1   | Killed a fire dragon
 10668 | Lair:2   | Noticed an eight-headed hydra
 10680 | Lair:2   | HP: 7/122 [13-headed hydra (12)]
 10680 | Lair:2   | Slain by a 13-headed hydra

Vanquished Creatures
  Gastronok (D:10)
  A fire dragon (Lair:1)
  A boulder beetle (D:11)
  2 two-headed ogres
  Nergalle (Lair:1)
  A deep elf zephyrmancer (D:10)
  A manticore (D:11)
  A black mamba (Lair:1)
  A cyclops (D:8)
  4 elephants
  Maurice (D:11)
  Joseph (D:7)
  A cane toad (Lair:1)
  Maggie (D:9)
  2 rime drakes
  Jeremiah (D:6)
  2 komodo dragons (Lair:1)
  A troll (D:9)
  A merfolk (D:9)
  The ghost of jimmypageman the Slasher, an amateur MiFi (D:4)
  A hornet (D:7)
  A blink frog (Lair:2)
  Sigmund (D:2)
  2 wraiths
  2 basilisks
  3 shadows
  21 yaks
  Grum (D:10)
  3 wyverns
  2 steam dragons
  4 acid dragons
  A water moccasin (Lair:1)
  A sky beast (D:8)
  3 black bears
  An orc warrior (D:11)
  3 ogres
  3 phantoms
  6 centaurs
  8 wolves
  4 kobold brigands (D:9)
  5 bullfrogs
  3 gnoll sergeants
  3 scorpions
  6 wights
  16 killer bees
  2 howler monkeys
  A crimson imp (D:10)
  2 bombardier beetles
  5 hounds
  6 jellies
  Crazy Yiuf (D:3)
  5 orc priests
  5 iguanas
  4 sleepcaps
  9 orc wizards
  Robin (D:3)
  A river rat (Sewer)
  10 adders
  12 gnolls
  A shadow imp (D:6)
  2 white imps
  4 ufetubi
  2 ribbon worms
  5 dart slugs
  29 orcs
  18 endoplasms
  7 giant cockroaches
  19 goblins
  12 hobgoblins
  8 jackals
  18 kobolds
  2 quokkas
  7 ball pythons
  7 bats
  5 frilled lizards
  A rat (D:3)
341 creatures vanquished.

Vanquished Creatures (others)
  A killer bee (D:9)
1 creature vanquished.

Grand Total: 342 creatures vanquished

Table legend: (Time is in decaauts)
 A = Elapsed time spent in this place.
 B = Non-inter-level travel time spent in this place.
 C = Inter-level travel time spent in this place.
 D = Time resting spent in this place.
 E = Time spent auto-exploring this place.
 F = Levels seen in this place.
 G = Mean time per level.
                   A        B        C        D        E       F      G
               +--------+--------+--------+--------+--------+-----+--------+
         Total |  10637 |  10284 |    353 |   1938 |   5993 |  15 |  709.1 |
       Dungeon |   8749 |   8478 |    271 |   1350 |   5165 |  11 |  795.4 |
        Temple |     98 |     56 |     42 |      0 |      0 |   1 |   98.0 |
          Lair |   1588 |   1548 |     40 |    588 |    725 |   2 |  794.0 |
         Sewer |    201 |    201 |      0 |      0 |    103 |   1 |  201.0 |
               +--------+--------+--------+--------+--------+-----+--------+

Top non-repeatable levels by time:
  Lair:1: 1570 daAuts
     D:9: 1158 daAuts
     D:5: 1054 daAuts
     D:6: 853 daAuts
     D:7: 836 daAuts
     D:3: 791 daAuts
     D:4: 768 daAuts
     D:1: 756 daAuts
    D:10: 751 daAuts
    D:11: 720 daAuts
     D:8: 657 daAuts
     D:2: 400 daAuts
   Sewer: 201 daAuts
  Temple: 98 daAuts
  Lair:2: 17 daAuts

Table legend:
 A = Non-vault XP
 B = Vault XP
 C = Vault XP percentage of total XP
 D = Non-vault monster count
 E = Vault monster count
 F = Vault count percentage of total count
                 A         B        C        D         E       F
            +---------+---------+-------+---------+---------+-------
      Total |   19437 |   11166 |  36.5 |     248 |      93 |  27.3
            +---------+---------+-------+---------+---------+-------
        D:1 |      44 |       0 |   0.0 |      23 |       0 |   0.0
        D:2 |      36 |     217 |  85.8 |      15 |       3 |  16.7
        D:3 |     201 |      79 |  28.2 |      23 |      14 |  37.8
        D:4 |     275 |     345 |  55.6 |      19 |       5 |  20.8
        D:5 |     763 |      61 |   7.4 |      19 |       5 |  20.8
        D:6 |    1232 |     365 |  22.9 |      28 |       1 |   3.4
        D:7 |    1296 |     419 |  24.4 |      18 |       1 |   5.3
        D:8 |    1068 |    1754 |  62.2 |      19 |      16 |  45.7
        D:9 |    2823 |    1685 |  37.4 |      34 |      11 |  24.4
       D:10 |     831 |    2888 |  77.7 |       4 |       9 |  69.2
       D:11 |    3817 |    1499 |  28.2 |      18 |       5 |  21.7
     Lair:1 |    6334 |    1671 |  20.9 |      25 |       2 |   7.4
     Lair:2 |     717 |       0 |   0.0 |       3 |       0 |   0.0
      Sewer |       0 |     183 | 100.0 |       0 |      21 | 100.0
            +---------+---------+-------+---------+---------+-------
